 Dungeon Crawl Stone Soup version 0.18.1-8-gdd0e5ea (webtiles) character file.

93 zeroDi the Sneak (level 4, -13/23 HPs)
             Began as a Vine Stalker Assassin on June 3, 2016.
             Mangled by roberto's ghost (17 damage)
             ... on level 3 of the Dungeon.
             The game lasted 00:04:25 (1751 turns).

zeroDi the Sneak (Vine Stalker Assassin)            Turns: 1751, Time: 00:04:26

Health: -13/23     AC:  2    Str: 13    XL:     4   Next: 61%
Magic:  0/5        EV: 11    Int: 18    God:
Gold:   74         SH:  0    Dex: 17    Spells: 0 memorised, 3 levels left

rFire  . . .     SeeInvis .     a - +2 dagger
rCold  . . .     Gourm    .     c - +0 robe
rNeg   . . .     Faith    .     (no shield)
rPois  .         Spirit   +     (no helmet)
rElec  .         Dismiss  .     d - +0 cloak
rCorr  .         Reflect  .     (no gloves)
SustAt .         Harm     .     (no boots)
MR     .....                    (no amulet)
Stlth  +++.......               (no ring)
                                (no ring)

@: brilliant, not resistant to hostile enchantments, fairly stealthy
A: fangs 2, clever 1, deformed body, deterioration 1, regeneration 1, magic
shield, antimagic bite, no device heal 3, rot immunity
a: no special abilities


You were on level 3 of the Dungeon.
You were hungry.

You visited 1 branch of the dungeon, and saw 3 of its levels.

You collected 74 gold pieces.


Innate Abilities, Weirdness & Mutations

You have extremely sharp teeth.
Your natural rate of healing is unusually fast.
When hurt, damage is shared between your health and your magic reserves.
Your bite disrupts and absorbs the magic of your enemies.
Potions and wands cannot restore your health.
You are immune to rotting.
Your mind is acute. (Int +2)
Armour fits poorly on your strangely shaped body.
Your body sometimes deteriorates upon taking damage.


   Skills:
 - Level 1.7 Fighting
 + Level 4.2 Short Blades
 - Level 1.7 Throwing
 - Level 0.7 Dodging
 - Level 4.8 Stealth


You had 3 spell levels left.
You didn't know any spells.

Inventory:

Hand Weapons
 a - a +2 dagger (weapon)
 b - a +0 blowgun
Missiles
 e - 20 poisoned needles
 f - 2 curare-tipped needles {=f}
 n - 55 stones (quivered)
 u - 7 javelins
 v - 3 silver javelins
Armour
 c - a +0 robe (worn)
 d - a +0 cloak (worn)
Jewellery
 r - an uncursed ring of see invisible {unknown}
Scrolls
 k - 6 scrolls of identify {unknown}
 m - a scroll of teleportation {unknown}
 o - a scroll of noise {unknown}
 q - 2 scrolls of remove curse {unknown}
 s - a scroll of enchant armour {unknown}
Potions
 l - a potion of curing {@q1}
Comestibles
 g - 2 bread rations
 h - 2 meat rations
 j - a royal jelly
 p - a beef jerky

Dungeon Overview and Level Annotations

Branches:
Dungeon (3/15)

Altars:
Gozag
Makhleb
Ru
Yredelemnul
Zin

Annotations:
D:3 roberto's ghost, amateur TrMo

#### #..
# #.# .#
#@####.##
#W##.. .
#.##.#.#
#.##.#.#
#......#
####W###
#...#
#.### #W#


You could see roberto's ghost.


Message History

You hit roberto's ghost. Your bite misses roberto's ghost.
Roberto's ghost is lightly damaged.
Roberto's ghost misses you.
You closely miss roberto's ghost.
You bite roberto's ghost, but do no damage.
Roberto's ghost is lightly damaged.
You hit roberto's ghost.
Roberto's ghost is lightly damaged.
Roberto's ghost misses you.
You hit roberto's ghost but do no damage.
Roberto's ghost is lightly damaged.
Roberto's ghost hits you!
Ouch! That really hurt!
* * * LOW HITPOINT WARNING * * *
You closely miss roberto's ghost.
You bite roberto's ghost, but do no damage.
Roberto's ghost is lightly damaged.
Roberto's ghost hits you!!
Ouch! That really hurt!
You die...

Action                   |  1- 3 |  4- 6 || total
-------------------------+-------+-------++-------
Melee: Dagger            |    72 |    41 ||   113
       Bite              |    20 |     8 ||    28
Throw: Stone             |     4 |       ||     4
  Use: Potion            |       |     3 ||     3
 Stab: Sleeping          |    12 |     2 ||    14
  Eat: Chunk             |       |     2 ||     2
Armor: Robe              |     8 |    13 ||    21
Dodge: Dodged            |    22 |    27 ||    49

Vault maps used:
D:1:      lemuel_arrival_rhombus
D:2:      nicolae_overflow_hidden_temple, nicolae_overflow_quartered_altars
D:3:      tgw_sif, kennysheep_slug_shrine, uniq_grinder, uniq_sigmund

Notes
Turn   | Place    | Note
--------------------------------------------------------------
     0 | D:1      | zeroDi the Vine Stalker Assassin began the quest for the Orb.
     0 | D:1      | Reached XP level 1. HP: 11/11 MP: 2/2
   164 | D:1      | Reached skill level 2 in Short Blades
   284 | D:1      | Reached XP level 2. HP: 15/15 MP: 3/3
   811 | D:2      | Found a glowing silver altar of Zin.
   827 | D:2      | Reached skill level 3 in Short Blades
   833 | D:2      | Reached XP level 3. HP: 15/18 MP: 4/4
   919 | D:2      | Found a burning altar of Makhleb.
  1005 | D:2      | Reached XP level 4. HP: 16/23 MP: 5/5
  1191 | D:2      | Reached skill level 4 in Short Blades
  1205 | D:2      | Found a sacrificial altar of Ru.
  1213 | D:2      | Found an opulent altar of Gozag.
  1343 | D:2      | HP: 1/23 [hobgoblin (2)]
  1653 | D:2      | Found a basalt altar of Yredelemnul.
  1725 | D:3      | Noticed roberto's ghost (amateur TrMo)
  1744 | D:3      | Gained mutation: Armour fits poorly on your strangely shaped body. [potion of mutation]
  1744 | D:3      | Gained mutation: Your body sometimes deteriorates upon taking damage. [potion of mutation]
  1744 | D:3      | Gained mutation: Your mind is acute. (Int +2) [potion of mutation]
  1751 | D:3      | Mangled by roberto's ghost

Vanquished Creatures
  5 adders (D:2)
  An ooze (D:1)
  3 worms (D:2)
  A dart slug (D:2)
  A giant gecko (D:2)
  3 bats
  2 giant cockroaches (D:2)
  3 goblins
  5 hobgoblins
  4 kobolds
  A quokka (D:2)
  2 giant newts (D:2)
  3 rats (D:1)
34 creatures vanquished.
